cohdb
Replays
Latest Replays
All Replays
Popular Replays
Top Player Replays
Match Explorer
How It Works
Community
CoH3 Stats
Reddit
Sign in to upload your games and track your stats! →
Sign in with Steam
Match 40619348
Unlisted
Match 40619348
Overview
Messages
Build Orders
End
Construct Infanterie Kompanie
MG 42 Machine Gun Team
Sniper
Selects Terror Battlegroup
Selects Machine Gun Camouflage
MG 42 Machine Gun Team
Kettenkrad Recon Vehicle
Medical Station
Construct Panzergrenadier Kompanie
Panzergrenadier Squad
Kettenkrad Recon Vehicle
Support Elements
Nebelwerfer 42 Rocket Launcher Team
StuG III G Assault Gun
Nebelwerfer 42 Rocket Launcher Team
Nebelwerfer 42 Rocket Launcher Team
Panzergrenadier Squad
Nebelwerfer 42 Rocket Launcher Team
Selects Contempt for the Weak
Selects Jericho Trumpet
Jericho Trumpet
StuG III G Assault Gun
Panzergrenadier Squad
Selects V1 Rocket Strike
Selects No Quarter
StuG III G Assault Gun
V1 Rocket Strike
Side Skirts
StuG III G Assault Gun
V1 Rocket Strike
Yosugami
pipila300
CPU - VERY EASY
。。。
Down to clown
Zapata
0
0
Comments
sign in to comment!
No comments posted yet!